 Dungeon Crawl Stone Soup version 0.24-a0-516-g9de272bb65 (webtiles) character file.

Game seed: 11088696515865930066

373 Peloso the Slasher (level 6, -9/53 HPs)
             Began as a Minotaur Fighter on July 22, 2019.
             Mangled by an ogre
             ... wielding a +0 giant club
              (30 damage)
             ... on level 4 of the Dungeon.
             The game lasted 00:04:23 (2078 turns).

Peloso the Slasher (Minotaur Fighter)               Turns: 2078, Time: 00:04:23

Health: -9/53      AC:  7    Str: 21    XL:     6   Next: 43%
Magic:  5/5        EV:  8    Int:  5    God:
Gold:   128        SH:  9    Dex:  8    Spells: 5/5 levels left

rFire    . . .     SeeInvis .   a - +0 long sword
rCold    + . .     Gourm    .   c - +0 shield
rNeg     . . .     Faith    +   b - +0 scale mail
rPois    .         Spirit   .   (helmet restricted)
rElec    .         Reflect  .   (no cloak)
rCorr    .         Harm     .   (no gloves)
MR       .....                  (no boots)
Stlth    ..........             t - amulet of faith
HPRegen  0.17/turn              x - ring of protection from cold
MPRegen  0.09/turn              o - -3 ring of dexterity

@: lethally poisoned (-9 -> -10), very slightly contaminated
A: retaliatory headbutt, horns 2
a: no special abilities


You were on level 4 of the Dungeon.
You were hungry.

You visited 1 branch of the dungeon, and saw 4 of its levels.

You collected 128 gold pieces.

Inventory:

Hand Weapons
 a - a +0 long sword (weapon)
Armour
 b - a +0 scale mail (worn)
 c - a +0 shield (worn)
Jewellery
 o - a -3 ring of dexterity (right hand)
 s - an uncursed ring of magical power
 t - an amulet of faith (around neck)
 x - a ring of protection from cold (left hand)
Wands
 n - a wand of polymorph (4)
Scrolls
 p - 2 scrolls of identify {unknown}
 r - a scroll of amnesia {unknown}
 u - 2 scrolls of enchant weapon {unknown}
Potions
 g - a potion of lignification {unknown}
 i - 2 potions of degeneration {unknown}
 k - a potion of cancellation {unknown}
 l - a potion of mutation {unknown}
 m - a potion of flight {unknown}
 q - a potion of resistance {unknown}
 v - a potion of curing {unknown}
 w - a potion of heal wounds {unknown}
Comestibles
 f - 5 rations


   Skills:
 + Level 4.7 Fighting
 + Level 5.4 Long Blades
 + Level 5.0 Armour
 + Level 1.6 Dodging
 + Level 0.2 Stealth
 + Level 5.0 Shields


You had 5 spell levels left.
You didn't know any spells.
Your spell library was empty.

Dungeon Overview and Level Annotations

Branches:
Dungeon (4/15)
 Temple: D:4-7

Altars:
Dithmenos


Innate Abilities, Weirdness & Mutations

You reflexively headbutt those who attack you in melee.
You have a pair of horns on your head.


Message History

As you read the scroll labeled SUNONI HAH TIOLE, it crumbles to dust.
It was a scroll of blinking.
As you read the scroll labeled RUUMEE WAISKOT, it crumbles to dust.
You feel as if something is helping you.
It was a scroll of remove curse.
Your surroundings suddenly seem different.
An ogre comes into view. It is wielding a +0 giant club.
The ogre shouts!
Unknown command.
You barely miss the ogre.
You feel sick. The ogre misses you.
You riposte.
You hit the ogre.
The ogre is moderately wounded.
You hit the ogre.
The ogre is heavily wounded.
The ogre hits you with a +0 giant club!!
You slash the ogre! Your headbutt misses the ogre.
The ogre is severely wounded.
The ogre hits you with a +0 giant club!!
Ouch! That really hurt!
You die...

### ... ..
#
#.###.#####
#.O@......#
#####.###.#
.. ..# ####
##
....###...
#.....#.
#.......
#..##.##
#.# #<#


You could see an ogre.

Vanquished Creatures
  Sigmund (D:2)
  A bullfrog skeleton (D:2)
  Jessica (D:3)
  A worker ant (D:4)
  4 gnolls
  3 adders
  2 oozes
  2 worms (D:2)
  3 dart slugs
  3 leopard geckos
  A ball python (D:2)
  A giant cockroach (D:2)
  7 goblins
  8 hobgoblins
  3 jackals
  8 kobolds
  2 quokkas
  3 bats
  3 frilled lizards
  8 rats
65 creatures vanquished.

Notes
Turn   | Place    | Note
-------+----------+-------------------------------------------
     0 | D:1      | Peloso the Minotaur Fighter began the quest for the Orb.
     0 | D:1      | Reached XP level 1. HP: 19/19 MP: 0/0
   123 | D:1      | Reached XP level 2. HP: 25/27 MP: 1/1
   375 | D:1      | Reached XP level 3. HP: 33/33 MP: 2/2
   951 | D:2      | Found a shadowy altar of Dithmenos.
  1221 | D:2      | Reached skill level 1 in Dodging
  1221 | D:2      | Reached XP level 4. HP: 36/40 MP: 3/3
  1245 | D:2      | Noticed Sigmund
  1255 | D:2      | Killed Sigmund
  1255 | D:2      | Reached skill level 5 in Long Blades
  1255 | D:2      | Reached XP level 5. HP: 36/47 MP: 4/4
  1407 | D:2      | Reached XP level 6. HP: 37/53 MP: 5/5
  1594 | D:3      | Reached skill level 5 in Armour
  1613 | D:3      | Noticed Jessica
  1617 | D:3      | Killed Jessica
  2069 | D:4      | Reached skill level 5 in Shields
  2078 | D:4      | Mangled by an ogre

Levels and vault maps discovered:
D:1:      erik_arrival_triangle_small, layout_basic, minmay_indecisive_spiral
D:2:      layout_loops_ring, marbit_many_paths, uniq_sigmund
D:3:      layout_basic, uniq_jessica
D:4:      layout_loops_ring, nicolae_overflow_crystal_walls,
          grunt_temple_overflow_open, minmay_temple_entry_glassed_door,
          chequers_ossuary_entry_cave

Skill      XL: |  1  2  3  4  5  6 |
---------------+-------------------+-----
Shields        | 4 5 |  5.0
Fighting       | 4 |  4.7
Long Blades    | 3 5 |  5.4
Armour         | 4 5 |  5.0
Dodging        | 1 |  1.6
Stealth        | |  0.2

Action                   |  1- 3 |  4- 6 || total
-------------------------+-------+-------++-------
Melee: Long sword        |    73 |    65 ||   138
       Headbutt          |     4 |    11 ||    15
  Use: Potion            |       |     1 ||     1
       Scroll            |       |     4 ||     4
  Eat: Chunk             |       |     3 ||     3
Armor: Scale mail        |    25 |    23 ||    48
Dodge: Dodged            |    21 |    21 ||    42
Block: Shield            |    32 |    47 ||    79
       Rpst.: Long sword |     5 |     6 ||    11

Table legend:
 A = Non-vault XP
 B = Vault XP
 C = Vault XP percentage of total XP
 D = Non-vault monster count
 E = Vault monster count
 F = Vault count percentage of total count
                 A         B        C        D         E       F
            +---------+---------+-------+---------+---------+-------
      Total |     279 |     255 |  47.8 |      58 |       7 |  10.8
            +---------+---------+-------+---------+---------+-------
        D:1 |      42 |       5 |  10.6 |      19 |       4 |  17.4
        D:2 |     118 |     213 |  64.4 |      21 |       2 |   8.7
        D:3 |      80 |      37 |  31.6 |      16 |       1 |   5.9
        D:4 |      39 |       0 |   0.0 |       2 |       0 |   0.0
            +---------+---------+-------+---------+---------+-------
